 Dungeon Crawl Stone Soup version 0.28.0-43-g3370ac3207 (webtiles) character file.

Game seed: 3320725485808675143

69 crimpus the Covered (level 4, 0/40 HPs)
             Began as a Minotaur Fighter on Mar 20, 2022.
             Slain by Robin
             ... wielding a +0 mace
              (1 damage)
             ... on level 2 of the Dungeon.
             The game lasted 00:01:12 (1337 turns).

crimpus the Covered (Minotaur Fighter)              Turns: 1337, Time: 00:01:13

Health: 0/40       AC:  7    Str: 23    XL:     4   Next: 2%
Magic:  3/3        EV:  9    Int:  5    God:
Gold:   20         SH:  4    Dex:  9    Spells: 3/3 levels left

rFire   . . .      SeeInvis .   a - +0 war axe
rCold   . . .      Faith    .   c - +0 buckler
rNeg    . . .      Spirit   .   b - +0 scale mail
rPois   .          Reflect  .   (helmet restricted)
rElec   .          Harm     .   (no cloak)
rCorr   .          Rampage  .   (no gloves)
Will    .....                   (no boots)
Stlth   ..........              (no amulet)
HPRegen 0.13/turn               (no ring)
MPRegen 0.08/turn               (no ring)

@: lethally poisoned (0 -> -1)
A: horns 2, retaliatory headbutt
a: no special abilities


You were on level 2 of the Dungeon.
You visited 1 branch of the dungeon, and saw 2 of its levels.

You collected 20 gold pieces.

Inventory:

Hand Weapons
 a - a +0 war axe (weapon)
Armour
 b - a +0 scale mail (worn)
 c - a +0 buckler (worn)
Jewellery
 j - a ring of flight
Scrolls
 f - a scroll of identify {unknown}
 h - a scroll of immolation {unknown}
 l - a scroll of brand weapon {unknown}
 m - a scroll of enchant armour {unknown}
Potions
 d - a potion of might
 e - a potion of heal wounds {unknown}
 g - a potion of curing {unknown}
 k - a potion of lignification {unknown}


   Skills:
 + Level 4.1 Fighting
 + Level 3.5 Axes
 + Level 4.5 Armour
 + Level 4.0 Shields


You had 3 spell levels left.
You didn't know any spells.
Your spell library contained the following spells:

 Spells                   Type           Power      Damage    Failure   Level
 Animate Skeleton         Necr           0%         N/A       86%         1
 Pain                     Necr           0%         1d4       86%         1
 Vampiric Draining        Necr           0%         2d6       99%         3


Dungeon Overview and Level Annotations

Branches:
Dungeon (2/15)

Altars:

Annotations:
D:2 Robin


Innate Abilities, Weirdness & Mutations

You have a pair of horns on your head.
You reflexively headbutt those who attack you in melee.


Message History

The goblin closely misses you. You furiously retaliate!
You headbutt the goblin. The goblin hits you with a +0 dagger.
The kobold completely misses you. Robin hits you but does no damage.
The goblin barely misses you.
You are too injured to fight recklessly!
You are too injured to fight recklessly!
You hit the kobold.
You kill the kobold!
You miss the goblin. You slash the goblin!
You kill the goblin!
You barely miss the goblin. You barely miss Robin.
You feel very sick. The goblin barely misses you. Robin barely misses you.
The goblin closely misses you. The goblin hits you but does no damage.
You slash Robin!
Robin is severely wounded.
You closely miss the goblin. You hit the goblin.
You kill the goblin!
You feel sick. Robin closely misses you. The goblin closely misses you.
Robin closely misses you.
You have reached level 4!
You feel stronger.
You hit Robin. You headbutt Robin.
Robin is almost dead.
You hit the goblin.
You kill the goblin!
You feel sick. Robin hits you with a +0 mace.
* * * LOW HITPOINT WARNING * * *
Unknown command.
You barely miss Robin.
Robin is almost dead.
You feel sick. Robin hits you with a +0 mace.
* * * LOW HITPOINT WARNING * * *
Unknown command.
It was a potion of cancellation.
You feel magically purged.
* * * LOW HITPOINT WARNING * * *
You feel sick.
Robin says, "Duck!"
Robin hits you with a +0 mace.
You die...

.. #......... .
#........ # #.......
......# #........
.....### #........
#......# #........
#))g...####........
#)@)......(........
#))................
#..................
#..................
#.............##†..
###.............##.).
#...............##...
#...............##...
#........##.....##...


You could see Robin.

Vanquished Creatures
  2 worms (D:2)
  A dart slug (D:2)
  7 ball pythons
  4 endoplasms
  2 giant cockroaches
  14 goblins
  6 hobgoblins
  3 jackals (D:1)
  6 kobolds
  A quokka (D:1)
  A bat (D:1)
  4 rats
51 creatures vanquished.

Notes
Turn   | Place    | Note
-------+----------+-------------------------------------------
     0 | D:1      | crimpus the Minotaur Fighter began the quest for the Orb.
     0 | D:1      | Reached XP level 1. HP: 19/19 MP: 0/0
   133 | D:1      | Reached XP level 2. HP: 24/27 MP: 1/1
   774 | D:1      | Reached XP level 3. HP: 27/33 MP: 2/2
  1323 | D:2      | Noticed Robin
  1335 | D:2      | Reached XP level 4. HP: 10/40 MP: 3/3
  1336 | D:2      | HP: 2/40 [Robin/+0 mace (4)]
  1337 | D:2      | Slain by Robin

Illustrated notes

Levels and vault maps discovered:
D:1:      psy_arrival_fountain, layout_basic
D:2:      layout_basic, uniq_robin

Skill      XL: |  1  2  3 |
---------------+----------+-----
Armour         | 4 |  4.5
Shields        | 4 |  4.0
Fighting       | 4 |  4.1
Axes           | 3 |  3.5

Action                   |  1- 3 |  4- 6 || total
-------------------------+-------+-------++-------
Melee: War axe           |    89 |     2 ||    91
       Headbutt          |     8 |     1 ||     9
  Use: Potion            |       |     1 ||     1
Armor: Scale mail        |    51 |       ||    51
Dodge: Dodged            |    52 |       ||    52
Block: Buckler           |    22 |       ||    22
